 Dungeon Crawl Stone Soup version 0.32-a0-120-gfac0567ad4 (webtiles) character file.

Game seed: 15562655444457792686

2209 PriceMaster the Firebug (level 9, -6/48 (53) HPs)
             Began as an Octopode Fire Elementalist on Feb 7, 2024.
             Was a Plaything of Xom.
             Mangled by a wight
             ... wielding a +5 great sword of freezing
             ... summoned by Xom
              (7 damage)
             ... on level 6 of the Dungeon.
             The game lasted 00:14:03 (6403 turns).

PriceMaster the Firebug (OpFE)                      Turns: 6403, Time: 00:14:03

HP:   -6/48 (53)    AC:  3    Str: 11    XL:     9   Next: 34%
MP:   19/19         EV: 13    Int: 20    God:    Xom [*.....]
Gold: 303           SH:  0    Dex: 12    Spells: 10/21 levels left

rFire   . . .        c - +3 quarterstaff (chaos)
rCold   . . .        (shield currently unavailable)
rNeg    . . .        B - +2 hat of the Eternal Fruit {Str+2}
rPois   .            f - amulet of magic regeneration
rElec   .            g - ring of willpower
rCorr   .            (no ring)
SInv    .            (no ring)
Will    +....        (no ring)
Stlth   ++++         (no ring)
HPRegen 0.28/turn    (no ring)
MPRegen 0.56/turn    (no ring)
                     (no ring)

%: no passive effects
@: drained
A: almost no armour, amphibious, 8 rings, camouflage 1, gelatinous body 1,
(nimble swimmer 1), tentacles
a: Renounce Religion


You were on level 6 of the Dungeon.
You worshipped Xom.
You were a special plaything of Xom.
You visited 1 branch of the dungeon, and saw 6 of its levels.

You collected 303 gold pieces.

Inventory:

Hand Weapons
 b - a +0 quarterstaff
 c - a +3 quarterstaff of chaos (weapon)
 i - a +1 short sword of flaming
Armour
 B - the +2 hat of the Eternal Fruit (worn) {Str+2}
   (Xom gifted it to you on level 6 of the Dungeon)

   Str+2:     It affects your strength (+2).
Jewellery
 f - an amulet of magic regeneration (around mantle)
 g - a ring of willpower (left tentacle)
 y - an amulet of guardian spirit
Wands
 t - a wand of flame (17)
 z - a wand of iceblast (11)
Scrolls
 d - 2 scrolls of vulnerability
 e - a scroll of revelation
 k - a scroll of enchant armour
 n - 7 scrolls of identify
 q - a scroll of noise
 u - a scroll of enchant weapon {unknown}
 w - 2 scrolls of fear {unknown}
Potions
 a - a potion of magic
 h - 2 potions of invisibility {unknown}
 j - a potion of berserk rage {unknown}
 l - 2 potions of brilliance {unknown}
 m - 2 potions of haste {unknown}
 o - 5 potions of curing {unknown}
 p - a potion of enlightenment {unknown}
 r - 2 potions of might {unknown}
 v - a potion of attraction {unknown}
 x - 2 potions of lignification
 A - a potion of mutation {unknown}


   Skills:
 + Level 1.2 Fighting
 + Level 0.8 Short Blades
 + Level 2.3 Staves
 + Level 2.8 Dodging
 + Level 5.6 Stealth
 + Level 0.1 Unarmed Combat
 + Level 6.7 Spellcasting
 + Level 4.5 Conjurations
 + Level 2.9 Hexes
 + Level 6.8 Fire Magic


You had 10 spell levels left.
You knew the following spells:

 Your Spells              Type           Power      Damage    Failure   Level
a - Foxfire               Conj/Fire      100%       2x1d9     1%          1
b - Scorch                Fire           68%        2d7       1%          2
c - Inner Flame           Hex/Fire       26%        N/A       3%          3
d - Fireball              Conj/Fire      14%        3d8       26%         5

Your spell library contained the following spells:

 Spells                   Type           Power      Damage    Failure   Level
 Volatile Blastmotes      Fire/Tloc      40%        2d13      7%          3
 Flame Wave               Conj/Fire      29%        2d9       10%         4
 Brom's Barrelling Bould  Conj/Erth      15%        2d4       36%         4
 Iskenderun's Battlesphe  Conj           24%        2d8       38%         5
 Conjure Ball Lightning   Conj/Air       7%         3x3d6     99%         6
 Orb of Destruction       Conj           12%        9d7       100%        7


Dungeon Overview and Level Annotations

Branches:
Dungeon (6/15)
 Temple: D:4-7

Altars:
Vehumet
Wu Jian
Xom
The Shining One

Shops:
D:1 :[   D:3 :   D:4 (   D:5 [


Innate Abilities, Weirdness & Mutations

You cannot wear most types of armour.
You are amphibious.
You can wear up to eight rings at the same time.
Your skin changes colour to match your surroundings (Stealth+).
Your rubbery body absorbs attacks. (AC +1, EV +1)
((You are camouflaged when in or above water. (Stealth+)))
You have tentacles for arms and can constrict up to eight enemies at once.


Message History

There is a stone staircase leading down here.
You now have 303 gold pieces (gained 9).
You see here a +0 short sword.
n - 8 scrolls labelled ANALED QAITH (gained 1) "Let's see if it's strong enough to survive yet."
There are monsters nearby!
There are monsters nearby!
Deactivating autopickup; reactivate with Ctrl-A.
You hit something but do no damage. You squeeze something. Something hits you!
The wight closely misses you.
You closely miss something. Your squeeze misses something. Something hits you.
Something hits you! The wight barely misses you.
You thump something! Something hits you but does no damage.
The wight misses you.
Okay, then.
Okay, then.
As you read the scroll labelled WONIJEOSMIPT, it crumbles to dust.
It is a scroll of enchant armour.
You aren't carrying any armour which can be enchanted further.
Xom is amused.
Something completely misses you. The wight misses you.
As you read the scroll labelled ANALED QAITH, it crumbles to dust.
It is a scroll of identify.
d - 2 scrolls of vulnerability Something hits you but does no damage.
Something barely misses you. The wight closely misses you.
As you read the scroll labelled VAPUGG ALIE, it crumbles to dust.
You hear a loud clanging noise!
It was a scroll of noise.
Something hits you but does no damage. Something barely misses you.
The wight hits you with a +5 great sword of freezing!
You feel drained. The wight freezes you.
As you read the scroll labelled FICHUOVUDIE, it crumbles to dust.
The creatures around you are filled with an inner flame!
It was a scroll of immolation.
Something hits you.
The wight hits you with a +5 great sword of freezing!!
* * * LOW HITPOINT WARNING * * *
Xom roars with laughter!
You feel drained.
You die...

#......####.## #.#
#..##......... #.#
#..###........ #.#
#..######.#.##
#.###....# #.#.#
#.#....#.# #.#.#
#Y#.##.#.####.#.##
#{#.##..........##
#@#.####.####.###.
#z#.# #.# #.....
#z#.# #.# ####.#
#z#.# #.# #.#
#z#.# #.# ##.
#z#.# #.# ###
#.#.# #.# #..
#.#.# #.# #.#
#.#.# #.#### #.#


You could see an ice beast (summoned, inner flame) and 5 wights.

Vanquished Creatures
  Grinder (D:4)
  Prince Ribbit (D:5)
  Sigmund (D:5)
  Eustachio (D:4)
  Duvessa (D:4)
  A sky beast (D:6)
  An ice beast (D:5)
  2 ogres
  5 scorpions
  Dowan (D:4)
  A howler monkey (D:6)
  Crazy Yiuf (D:2)
  3 bombardier beetles
  2 jellies (D:5)
  3 orc priests
  A hound (D:6)
  2 iguanas
  5 orc wizards
  3 gnolls (D:4)
  7 adders
  4 ufetubi
  3 dart slugs
  A ribbon worm (D:2)
  9 orcs
  12 endoplasms
  4 giant cockroaches
  4 goblins
  8 hobgoblins
  18 jackals
  A quokka (D:1)
  5 ball pythons
  6 bats
  7 kobolds
  3 rats
128 creatures vanquished.

Vanquished Creatures (others)
  317 foxfires
317 creatures vanquished.

Grand Total: 445 creatures vanquished

Notes
Turn   | Place    | Note
-------+----------+-------------------------------------------
     0 | D:1      | PriceMaster the Octopode Fire Elementalist began the quest
                  | for the Orb.
     0 | D:1      | Reached XP level 1. HP: 11/11 MP: 3/3
   119 | D:1      | Found Ramovo's Armour Boutique.
   129 | D:1      | Reached XP level 2. HP: 9/17 MP: 0/5
   483 | D:1      | Reached XP level 3. HP: 5/21 MP: 3/6
   596 | D:1      | Found Nyaluer's Vocational Training.
   896 | D:1      | Found a faded altar of an unknown god.
   903 | D:1      | Prayed at the altar of an unknown god.
   903 | D:1      | Became a worshipper of Xom of Chaos
  1047 | D:2      | XOM: silly message
  1125 | D:2      | Found a runed translucent door.
  1126 | D:2      | Noticed Crazy Yiuf
  1161 | D:2      | Learned a level 2 spell: Scorch
  1331 | D:2      | Reached XP level 4. HP: 27/27 MP: 0/7
  1335 | D:2      | Learned a level 3 spell: Inner Flame
  1830 | D:2      | XOM: silly message
  2041 | D:2      | XOM: silly message
  2344 | D:2      | Killed Crazy Yiuf
  2345 | D:2      | Reached XP level 5. HP: 31/31 MP: 2/9
  2500 | D:3      | XOM: 2-stop teleportation journey
  2534 | D:3      | Found Duurui's Book Shoppe.
  2588 | D:3      | Found a glowing golden altar of the Shining One.
  2667 | D:3      | Reached skill level 1 in Staves
  2982 | D:4      | Found a shimmering altar of Xom.
  3020 | D:4      | Noticed an ogre
  3026 | D:4      | Killed an ogre
  3027 | D:4      | Reached skill level 1 in Hexes
  3027 | D:4      | Reached XP level 6. HP: 36/36 MP: 2/10
  3045 | D:4      | Noticed Duvessa
  3045 | D:4      | Noticed Dowan
  3048 | D:4      | Noticed Eustachio
  3054 | D:4      | Killed Dowan
  3055 | D:4      | XOM: divination: magic mapping
  3055 | D:4      | Killed Duvessa
  3056 | D:4      | Reached skill level 5 in Stealth
  3077 | D:4      | Killed Eustachio
  3078 | D:4      | Reached skill level 1 in Fighting
  3078 | D:4      | Reached XP level 7. HP: 43/43 MP: 2/13
  3255 | D:4      | XOM: divination: detect items
  3271 | D:4      | XOM: 4-stop teleportation journey
  3357 | D:4      | Found Mitioqe's Weapon Shoppe.
  3363 | D:4      | Noticed Grinder
  3367 | D:4      | XOM: enchant monster (bad)
  3371 | D:4      | Killed Grinder
  3372 | D:4      | Reached skill level 5 in Fire Magic
  3440 | D:4      | Reached XP level 8. HP: 48/48 MP: 11/15
  3490 | D:4      | XOM: silly message
  3731 | D:4      | Found a radiant altar of Vehumet.
  3741 | D:4      | Reached skill level 5 in Spellcasting
  3884 | D:5      | Entered Level 5 of the Dungeon
  3941 | D:5      | Found an ornate altar of the Wu Jian Council.
  3992 | D:5      | Found Orgheziux's Armour Shop.
  4310 | D:5      | Noticed Prince Ribbit
  4320 | D:5      | Killed Prince Ribbit
  4715 | D:5      | Noticed Sigmund
  4719 | D:5      | Killed Sigmund
  4875 | D:5      | XOM: enchant monster (bad)
  4884 | D:5      | Reached XP level 9. HP: 5/53 MP: 13/18
  5414 | D:5      | Learned a level 5 spell: Fireball
  5706 | D:6      | Identified the +2 hat of the Eternal Fruit {Str+2} (Xom
                  | gifted it to you on level 6 of the Dungeon)
  5706 | D:6      | XOM: god gift: +2 hat of the Eternal Fruit {Str+2}
  6192 | D:6      | XOM: 3-stop teleportation journey
  6396 | D:6      | XOM: summons 3 hostile shadow creatures
  6403 | D:6      | HP: 1/51 [wight/+5 great sword of freezing[Xom] (21)]
  6403 | D:6      | Mangled by a wight

Illustrated notes

Levels and vault maps discovered:
D:1:      matt_arrival_refuge, layout_basic, dilly_ecumenical_altar_fadedgnrine,
          serial_shops, shop_statue, st_stairs_7, nicolae_shop_vocational
D:2:      layout_basic, uniq_crazy_yiuf_cottage
D:3:      layout_rooms, mainiacjoe_overflow_chevrons, serial_shops, shop,
          patterned_corridor
D:4:      layout_loops_ring, old_standard_altar, mainiacjoe_overflow_24_doors,
          serial_shops, shop, uniq_duvessa, uniq_grinder, uniq_eustachio
D:5:      layout_basic, nicolae_wu_jian_immortal_techniques, serial_shops, shop,
          uniq_prince_ribbit1, uniq_sigmund
D:6:      layout_loops_ring, minmay_temple_entry_fiery,
          nicolae_figureground_pulse

Skill      XL: |  1  2  3  4  5  6  7  8 |
---------------+-------------------------+-----
Stealth        | 3 4 5 |  5.6
Staves         | 1 2 |  2.3
Spellcasting   | 3 4 6 |  6.7
Hexes          | 1 2 |  2.9
Fire Magic     | 4 5 6 |  6.8
Fighting       | 1 |  1.2
Conjurations   | 2 4 |  4.5
Short Blades   | |  0.8
Dodging        | |  2.8
Unarmed Combat | |  0.1

Action                     |  1- 3 |  4- 6 |  7- 9 || total
---------------------------+-------+-------+-------++-------
  Melee: Unarmed           |     8 |       |       ||     8
         Constrict         |    11 |     5 |     3 ||    19
         Quarterstaff      |    23 |    11 |    27 ||    61
         Tentacles         |     5 |     4 |     2 ||    11
         Punch             |     4 |       |       ||     4
         Short sword       |    19 |     8 |       ||    27
   Cast: Foxfire           |    24 |    39 |   156 ||   219
         Scorch            |     3 |    12 |    24 ||    39
         Inner Flame       |       |     8 |    35 ||    43
         Fireball          |       |       |     3 ||     3
    Use: Scroll            |     3 |       |     4 ||     7
         Potion            |       |     3 |       ||     3
   Stab: Sleeping          |     9 |     5 |     3 ||    17
 Armour: Skin              |    24 |    10 |    37 ||    71
  Dodge: Dodged            |    39 |    12 |    29 ||    80

Table legend: (Time is in decaauts)
 A = Elapsed time spent in this place.
 B = Non-inter-level travel time spent in this place.
 C = Inter-level travel time spent in this place.
 D = Time resting spent in this place.
 E = Time spent auto-exploring this place.
 F = Levels seen in this place.
 G = Mean time per level.
                   A        B        C        D        E       F      G
               +--------+--------+--------+--------+--------+-----+--------+
         Total |   6419 |   6304 |    115 |   1310 |   3982 |   6 | 1069.8 |
       Dungeon |   6419 |   6304 |    115 |   1310 |   3982 |   6 | 1069.8 |
               +--------+--------+--------+--------+--------+-----+--------+

Top non-repeatable levels by time:
     D:2: 1552 daAuts
     D:5: 1544 daAuts
     D:6: 975 daAuts
     D:1: 955 daAuts
     D:4: 938 daAuts
     D:3: 453 daAuts
